 Dungeon Crawl Stone Soup version 0.27.1 (webtiles) character file.

Game seed: 8501462096860514147

927 hawla the Covert (level 7, 0/42 HPs)
             Began as a Deep Elf Delver on Aug 25, 2021.
             Was an Initiate of Ashenzari.
             Slain by a mummy (15 damage)
             ... in an ossuary.
             The game lasted 00:30:41 (8206 turns).

hawla the Covert (Deep Elf Delver)                  Turns: 8206, Time: 00:30:42

Health: 0/42       AC:  5    Str:  9    XL:     7   Next: 85%
Magic:  6/13       EV: 13    Int: 17    God:    Ashenzari [......]
Gold:   154        SH:  0    Dex: 16    Spells: 3/12 levels left

rFire    . . .     SeeInvis .   a - +0 short sword (freeze)
rCold    . . .     Faith    .   (no shield)
rNeg     . . .     Spirit   .   o - +2 robe of Ashenzari's Loss {Will+, Bglg, Elem} (curse)
rPois    .         Reflect  .   e - +0 helmet
rElec    .         Harm     .   (no cloak)
rCorr    .         Rampage  .   (no gloves)
Will     +....                  (no boots)
Stlth    ++++......             (no amulet)
HPRegen  0.14/turn              q - ring of wizardry
MPRegen  0.13/turn              (no ring)

@: no status effects
A: no striking features
a: Renounce Religion, Curse Item, Shatter the Chains


You were in an ossuary.
You worshipped Ashenzari.
Ashenzari was noncommittal.
You visited 2 branches of the dungeon, and saw 7 of its levels.
You also visited: Ossuary.

You collected 154 gold pieces.

Inventory:

Hand Weapons
 a - a +0 short sword of freezing (weapon)
 p - a +0 dagger of venom
Missiles
 l - 15 poisoned darts
Armour
 e - a +0 helmet (worn)
 o - the cursed +2 robe of Ashenzari's Loss (worn) {Will+, Bglg, Elem}
   (You took it off an orc wizard on level 3 of the Dungeon)

   It has a curse which improves the following skills: Beguiling: Conjurations,
   Hexes and Translocations.
   Elements:  Fire Magic, Ice Magic, Air Magic and Earth Magic.
Jewellery
 q - a ring of wizardry (left hand)
Wands
 g - a wand of digging (3)
Scrolls
 d - 2 scrolls of magic mapping
 h - 2 scrolls of teleportation
 j - a scroll of enchant armour
 m - a scroll of amnesia
 n - a scroll of silence
Potions
 b - a potion of cancellation
 f - a potion of haste
 i - a potion of brilliance
 k - a potion of curing


   Skills:
 + Level 3.7 Fighting
 + Level 3.5 Short Blades
 - Level 1.0 Throwing
 - Level 4.0 Dodging
 - Level 9.0 Stealth
 + Level 3.2 Spellcasting
 + Level 2.5(3.0) Conjurations
 + Level 1.2(1.6) Translocations
 + Level 2.3(2.8) Air Magic
 - Level 1.0 Evocations


You had 3 spell levels left.
You knew the following spells:

 Your Spells              Type           Power      Damage    Failure   Level
a - Static Discharge      Conj/Air       12%        N/A       3%          2
b - Lightning Bolt        Conj/Air       6%         1d18      47%         5
c - Blink                 Tloc           N/A        N/A       6%          2

Your spell library contained the following spells:

 Spells                   Type           Power      Damage    Failure   Level
 Magic Dart               Conj           52%        1d5       1%          1
 Mephitic Cloud           Conj/Pois/Air  9%         N/A       9%          3
 Call Imp                 Summ           2%         N/A       11%         2
 Lesser Beckoning         Tloc           4%         N/A       11%         3
 Manifold Assault         Tloc           8%         N/A       65%         5
 Maxwell's Capacitive Co  Air            6%         ∞         100%        8


Dungeon Overview and Level Annotations

Branches:
Dungeon (6/15)             Temple (1/1) D:5         Ossuary (1/1)

Altars:
Ashenzari
Cheibriados
Dithmenos
Elyvilon
Gozag
Kikubaaqudgha
Makhleb
Nemelex Xobeh
Okawaru
Ru
Sif Muna
Trog
Vehumet
Wu Jian
Yredelemnul
Zin
The Shining One

Shops:
D:3 =


Message History

The mummy is lightly damaged.
You are struck by an arc of lightning.
The lightning grounds out.
The mummy barely misses you.
Unknown command.
Casting: Static Discharge (safe; 3% risk of failure)
Confirm with . or Enter, or press ? or * to list all spells.
The mummy is struck by an arc of lightning.
The mummy is moderately damaged.
The lightning grounds out.
The hobgoblin zombie hits you. The mummy hits you!
Unknown command.
Casting: Static Discharge (safe; 3% risk of failure)
Confirm with . or Enter, or press ? or * to list all spells.
The spell is potentially lethal to cast (47% risk of failure)!
Continue anyway?
Okay, then.
You hit the hobgoblin zombie.
The hobgoblin zombie is moderately damaged.
You hit the hobgoblin zombie.
The hobgoblin zombie is severely damaged.
The hobgoblin zombie misses you.
A kobold skeleton comes into view.
Casting: Lightning Bolt (potentially lethal; 47% risk of failure)
Confirm with . or Enter, or press ? or * to list all spells.
The hobgoblin zombie is struck by an arc of lightning.
You destroy the hobgoblin zombie!
The lightning grounds out.
Unknown command.
Casting: Static Discharge (safe; 3% risk of failure)
Confirm with . or Enter, or press ? or * to list all spells.
The mummy is struck by an arc of lightning.
The mummy is severely damaged.
You are struck by an arc of lightning.
The lightning grounds out.
The mummy hits you!
Unknown command.
Okay, then.
You hit the mummy but do no damage.
The mummy is severely damaged.
You hit the mummy but do no damage.
The mummy is severely damaged.
The mummy hits you!
You die...

##..##..##..####..##..##..##
##..##..##..## ##..##..##..##
#..##..##..## ##..##..##..##
..##..##..## ##..##..##..##
.##..##..## ##..##..##..##
##..##..## ##..##..##..#
#..##..## .##..##..##..
..##..##############''##..##..##.
.##.............@MZ....##..##..##
##########################..##..#
.....................^..^....##..
################################.
.................................
#################################


You could see a mummy and a kobold skeleton.

Vanquished Creatures
  A sky beast (D:5)
  An ogre (D:4)
  A scorpion (D:5)
  2 bullfrog zombies (D:5)
  4 hounds
  4 iguanas
  2 orc wizards (D:3)
  A hound skeleton (D:5)
  2 mummies (Ossuary)
  8 gnolls
  3 adders
  An ufetubus (D:5)
  3 worms
  A dart slug (D:2)
  8 orcs
  7 bats
  3 bat zombies (D:4)
  10 endoplasms
  2 giant cockroaches
  6 gnoll zombies (Ossuary)
  5 goblins
  11 hobgoblins
  2 jackals (D:1)
  5 kobolds
  5 quokkas
  2 frilled lizards
  4 gnoll skeletons (Ossuary)
  3 goblin skeletons (Ossuary)
  2 hobgoblin skeletons (Ossuary)
  6 hobgoblin zombies (Ossuary)
  5 kobold skeletons (Ossuary)
  5 kobold zombies (Ossuary)
  4 orc skeletons (Ossuary)
  4 orc zombies (Ossuary)
  6 rats
  5 rat skeletons (Ossuary)
  5 rat zombies
149 creatures vanquished.

Vanquished Creatures (others)
  A water moccasin skeleton (D:4)
1 creature vanquished.

Grand Total: 150 creatures vanquished

Notes
Turn   | Place    | Note
-------+----------+-------------------------------------------
     0 | D:5      | hawla the Deep Elf Delver began the quest for the Orb.
     0 | D:5      | Reached XP level 1. HP: 13/13 MP: 3/3
    32 | D:5      | Reached XP level 2. HP: 17/18 MP: 4/4
    96 | D:5      | Reached skill level 7 in Stealth
    96 | D:5      | Reached XP level 3. HP: 22/22 MP: 5/5
   134 | D:5      | Reached XP level 4. HP: 22/27 MP: 6/6
   207 | D:5      | Learned a level 2 spell: Static Discharge
   223 | D:5      | Found an iron altar of Okawaru.
   242 | D:5      | Found a staircase to the Ecumenical Temple.
   256 | D:5      | Reached skill level 8 in Stealth
   256 | D:5      | Reached XP level 5. HP: 21/32 MP: 4/7
   261 | Temple   | Entered the Ecumenical Temple
   589 | Temple   | Became a worshipper of Ashenzari the Shackled
   834 | D:3      | Found a snail-covered altar of Cheibriados.
   856 | D:2      | Found a sacrificial altar of Ru.
  2726 | D:2      | Reached skill level 1 in Spellcasting
  2726 | D:2      | Reached XP level 6. HP: 37/37 MP: 7/9
  2928 | D:3      | Reached skill level 1 in Evocations
  2949 | D:3      | Found Plog's Jewellery Emporium.
  3498 | D:3      | Found a bloodstained altar of Trog.
  3590 | D:3      | Reached skill level 1 in Conjurations
  3614 | D:3      | Learned a level 5 spell: Lightning Bolt
  4054 | D:3      | Reached skill level 1 in Air Magic
  4636 | D:4      | Found a radiant altar of Vehumet.
  4861 | D:4      | Learned a level 2 spell: Blink
  4968 | D:4      | Reached XP level 7. HP: 25/41 MP: 1/12
  5366 | D:4      | Found an ancient bone altar of Kikubaaqudgha.
  5771 | D:5      | Reached skill level 1 in Throwing
  5771 | D:5      | Reached skill level 9 in Stealth
  6132 | D:5      | Found a white marble altar of Elyvilon.
  6141 | D:5      | Found an ornate altar of the Wu Jian Council.
  6927 | D:5      | Found an opulent altar of Gozag.
  7058 | D:5      | Reached skill level 1 in Translocations
  7230 | D:6      | Found a sand-covered staircase.
  7236 | Ossuary  | Entered an ossuary
  8206 | Ossuary  | Slain by a mummy

Illustrated notes

Levels and vault maps discovered:
D:1:      lightli_arrival_noodles, layout_basic, grunt_decor_arrowhead,
          minmay_strange_pillars, chequers_serial_rivers_large_b
D:2:      layout_loops_ring, basic_altar, grunt_decor_clamped
D:3:      layout_basic, mainiacjoe_overflow_chevrons,
          mainiacjoe_overflow_six_doors_small, serial_shops, shop,
          small_statue_intersection
D:4:      layout_loops_ring, vehumet_altar_wand_db,
          lemuel_zombie_altar_kikubaaqudgha, hangedman_decor_diamond_cutter
D:5:      layout_layer_cave, mainiacjoe_overflow_cross_hatched,
          mainiacjoe_overflow_alcove_1, mainiacjoe_overflow_alcove_2,
          pdpol_wu_jian_five_deadly_venoms, minmay_temple_entry_large_hall
D:6:      layout_basic, kennysheep_little_box, nicolae_ossuary_entry_plus,
          grunt_ministairs_1, uniq_pikel, uniq_duvessa
Temple:   jpeg_temple_island
Ossuary:  ossuary_due_pyramid

Skill      XL: |  1  2  3  4  5  6  7 |
---------------+----------------------+-----
Stealth        | 7 8 9 |  9.0
Dodging        | 3 4 |  4.0
Fighting       | 3 |  3.7
Spellcasting   | 1 2 3 |  3.2
Evocations     | 1 |  1.0
Conjurations   | 1 2 |  2.5
Air Magic      | 1 2 |  2.3
Short Blades   | 3 |  3.5
Throwing       | 1 |  1.0
Translocations | 1 |  1.2

Action                   |  1- 3 |  4- 6 |  7- 9 || total
-------------------------+-------+-------+-------++-------
Melee: Short sword       |     6 |   146 |   206 ||   358
       Dagger            |       |       |    27 ||    27
Throw: Dart              |       |     8 |     3 ||    11
 Cast: Static Discharge  |       |    34 |    40 ||    74
       Blink             |       |       |     2 ||     2
Invok: Curse Item        |       |     1 |       ||     1
Evoke: Wand              |     3 |    16 |    14 ||    33
  Use: Scroll            |       |     4 |       ||     4
       Potion            |       |     2 |       ||     2
 Stab: Sleeping          |       |    15 |     4 ||    19
       Distracted        |       |       |     4 ||     4
Armor: Leather armour    |     1 |    16 |       ||    17
       Robe              |       |    12 |    74 ||    86
Dodge: Dodged            |     3 |    90 |   153 ||   246
